 Dungeon Crawl Stone Soup version 0.29.1-1-gd02db6906a (webtiles) character file.

Game seed: 4749747889952271761

778 Anriel the Covered (level 7, 0/44 HPs)
             Began as a Gargoyle Fighter on Oct 20, 2022.
             Was a Follower of Okawaru.
             Slain by an ice beast (16 damage)
             ... on level 5 of the Dungeon.
             The game lasted 00:24:37 (4470 turns).

Anriel the Covered (Gargoyle Fighter)               Turns: 4470, Time: 00:24:38

Health: 0/44       AC: 25    Str: 21    XL:     7   Next: 85%
Magic:  7/7        EV:  7    Int:  9    God:    Okawaru [*.....]
Gold:   113        SH:  4    Dex:  9    Spells: 6/6 levels left

rFire   . . .      SeeInvis .   a - +0 flail (protect)
rCold   . . .      Faith    .   c - +0 buckler
rNeg    + . .      Spirit   .   s - +0 chain mail
rPois   ∞          Reflect  .   v - +0 helmet
rElec   +          Harm     +   p - scarf {harm}
rCorr   .          Rampage  .   n - +1 pair of gloves
Will    .....                   (no boots)
Stlth   ..........              (no amulet)
HPRegen 0.14/turn               (no ring)
MPRegen 0.10/turn               (no ring)

@: under a protective aura
A: sickness immunity, AC +4, negative energy resistance 1, electricity
resistance, torment resistance 1, petrification resistance
a: Renounce Religion, Heroism


You were on level 5 of the Dungeon.
You worshipped Okawaru.
Okawaru was aware of your devotion.
You visited 1 branch of the dungeon, and saw 5 of its levels.

You collected 277 gold pieces.
You spent 164 gold pieces at shops.

Inventory:

Hand Weapons
 a - a +0 flail of protection (weapon)
Missiles
 e - a javelin
 o - 3 boomerangs (quivered)
Armour
 c - a +0 buckler (worn)
 n - a +1 pair of gloves (worn)
 p - a scarf of harm (worn)
 s - a +0 chain mail (worn)
 v - a +0 helmet (worn)
Jewellery
 g - a ring of fire
 m - a ring of protection from cold
Wands
 d - a wand of paralysis (4)
 q - a wand of flame (2)
Scrolls
 b - 2 scrolls of magic mapping
 f - a scroll of poison
 i - 6 scrolls of teleportation
 w - a scroll of enchant armour
 x - a scroll of enchant weapon
Potions
 h - a potion of lignification
 k - 7 potions of curing
 l - a potion of invisibility
 t - a potion of haste
 u - a potion of berserk rage


   Skills:
 + Level 4.7 Fighting
 + Level 5.1 Maces & Flails
 + Level 2.7 Throwing
 * Level 5.4 Armour
 + Level 1.0 Dodging
 + Level 0.9 Stealth
 * Level 4.3 Shields
 * Level 1.1 Invocations


You had 6 spell levels left.
You didn't know any spells.
Your spell library was empty.

Dungeon Overview and Level Annotations

Branches:
Dungeon (5/15)             Temple (0/1) D:5

Altars:
Ashenzari
Elyvilon
Okawaru
Wu Jian
Yredelemnul

Shops:
D:4 ?


Innate Abilities, Weirdness & Mutations

You are immune to sickness and miasma.
Your stone body is resilient. (AC +4)
You are immune to poison.
You resist negative energy. (rN+)
You are resistant to electric shocks. (rElec)
You are resistant to unholy torment.
You are immune to petrification.


Message History

Throw: 3 boomerangs
Press: ? - help, Q - select action, (/) - cycle Shift-Dir - straight line, f/p - gnoll
Aim: a gnoll, wielding a +0 club (61% to hit)
You throw a boomerang. The boomerang hits the gnoll!
The gnoll is almost dead.
You hit the gnoll.
Your weapon exudes an aura of protection.
The gnoll is almost dead.
The gnoll hits you but does no damage.
You barely miss the gnoll.
The gnoll is almost dead.
The gnoll hits you but does no damage.
You closely miss the gnoll.
The gnoll is almost dead.
The gnoll hits you with a +0 club.
You hit the gnoll.
Your weapon exudes an aura of protection.
You kill the gnoll!
Okawaru accepts your kill.
Found a leather armour.
Things that are here:
a +0 club; a gnoll corpse An ice beast comes into view.
A dart slug comes into view.
Found 15 gold pieces.
You see here a javelin.
e - a javelin Throw: 3 boomerangs
Press: ? - help, Q - select action, (/) - cycle Shift-Dir - straight line, f - ice beast
Aim: an ice beast (57% to hit)
You throw a boomerang. The boomerang hits the ice beast!
The ice beast is heavily wounded.
You hit the ice beast.
Your weapon exudes an aura of protection.
The ice beast is severely wounded.
The ice beast hits you. The ice beast freezes you!
You sock the ice beast!
The ice beast is almost dead.
The ice beast hits you. The ice beast freezes you!
You die...

.........####.#
...#.⌠.#......#
.#.......#.)..#
...⌠.>.⌠...#..##
.#w......#.....#
.$.#.⌠.#.....#.#
#..........##.#
##.#.#Y..### .#
#....@.## ##
##.#.#.....#
#...####### ####


You could see an ice beast.

Vanquished Creatures
  A black bear (D:3)
  3 ogres
  A gnoll bouda (D:5)
  2 orc priests (D:4)
  An iguana (D:5)
  An orc wizard (D:4)
  Natasha (thrice) (D:2)
  A mummy (D:4)
  4 gnolls (D:5)
  9 adders
  A shadow imp (D:5)
  2 worms
  A dart slug (D:4)
  6 orcs (D:4)
  10 ball pythons
  8 endoplasms
  2 giant cockroaches
  11 goblins
  6 hobgoblins
  6 quokkas
  4 bats
  2 frilled lizards
  2 hobgoblin zombies (D:4)
  9 kobolds
  A kobold zombie (D:4)
  An orc zombie (D:4)
  7 rats
105 creatures vanquished.

Notes
Turn   | Place    | Note
-------+----------+-------------------------------------------
     0 | D:1      | Anriel the Gargoyle Fighter began the quest for the Orb.
     0 | D:1      | Reached XP level 1. HP: 14/14 MP: 1/1
   112 | D:1      | Reached XP level 2. HP: 19/19 MP: 2/2
   809 | D:1      | Found a faded altar of an unknown god.
   896 | D:2      | Reached XP level 3. HP: 24/24 MP: 3/3
  1126 | D:2      | Reached XP level 4. HP: 27/29 MP: 4/4
  1372 | D:2      | Noticed Natasha
  1377 | D:2      | Killed Natasha
  1665 | D:2      | Noticed Natasha
  1676 | D:2      | Killed Natasha
  1677 | D:2      | Reached skill level 1 in Throwing
  1677 | D:2      | Reached XP level 5. HP: 19/33 MP: 5/5
  1698 | D:2      | Noticed Natasha
  1705 | D:2      | Killed Natasha
  1749 | D:3      | Noticed a black bear
  1754 | D:3      | Killed a black bear
  1755 | D:3      | Reached XP level 6. HP: 28/38 MP: 6/6
  1971 | D:3      | Found an ornate altar of the Wu Jian Council.
  1971 | D:3      | Found a broken altar of Ashenzari.
  1976 | D:3      | Found an iron altar of Okawaru.
  1978 | D:3      | Found a faded altar of an unknown god.
  1979 | D:3      | Found a white marble altar of Elyvilon.
  1992 | D:3      | Became a worshipper of Warmaster Okawaru
  2546 | D:4      | Found Coutimm's Magic Scroll Boutique.
  2572 | D:4      | Found a basalt altar of Yredelemnul.
  2621 | D:4      | Bought a scroll of enchant armour for 82 gold pieces
  2621 | D:4      | Bought a scroll of enchant weapon for 82 gold pieces
  3005 | D:4      | Reached skill level 5 in Armour
  3005 | D:4      | Reached XP level 7. HP: 16/43 MP: 7/7
  3663 | D:4      | Reached skill level 1 in Dodging
  3882 | D:5      | Entered Level 5 of the Dungeon
  4072 | D:5      | Reached skill level 5 in Maces & Flails
  4428 | D:5      | Reached skill level 1 in Invocations
  4440 | D:5      | Reached * piety under Okawaru
  4453 | D:5      | Found a staircase to the Ecumenical Temple.
  4470 | D:5      | Slain by an ice beast

Illustrated notes

Levels and vault maps discovered:
D:1:      minmay_arrival_hallway, layout_basic,
          hellmonk_ecumenical_altar_heavens_door
D:2:      layout_loops_cross, serial_glass, glass_columns_c, glass_columns_b,
          glass_columns_b, minmay_tromino_v7, uniq_natasha
D:3:      layout_basic, chequers_temple_overflow_minitemple,
          kennysheep_generic_room_9
D:4:      layout_cave_pods, kennysheep_little_box, serial_shops,
          nicolae_square_shop, minmay_mini_ossuary
D:5:      layout_basic, minmay_temple_entry_sparse_star

Skill      XL: |  1  2  3  4  5  6  7 |
---------------+----------------------+-----
Maces & Flails | 3 4 5 |  5.1
Armour         | 4 5 |  5.4
Throwing       | 1 2 |  2.7
Fighting       | 4 |  4.7
Dodging        | 1 |  1.0
Shields        | 4 |  4.3
Invocations    | 1 |  1.1
Stealth        | |  0.9

Action                   |  1- 3 |  4- 6 |  7- 9 || total
-------------------------+-------+-------+-------++-------
Melee: Flail             |    69 |    87 |   119 ||   275
Throw: Javelin           |    29 |    43 |     7 ||    79
       Boomerang         |       |     4 |    10 ||    14
  Use: Scroll            |       |     8 |     4 ||    12
       Potion            |       |     2 |       ||     2
Armor: Scale mail        |    41 |    29 |       ||    70
       Chain mail        |       |    29 |    81 ||   110
Dodge: Dodged            |    37 |    45 |    36 ||   118
Block: Buckler           |     6 |    21 |    24 ||    51
